 Dungeon Crawl Stone Soup version 0.30.0-10-gfe55d96785 (webtiles) character file.

Game seed: 2980892257458367278

185 sasquatch the Chopper (level 5, -1/54 HPs)
             Began as an Ogre Berserker on May 13, 2023.
             Was a Believer of Trog.
             Succumbed to a scorpion's poison
             ... on level 4 of the Dungeon.
             The game lasted 00:02:14 (2457 turns).

sasquatch the Chopper (Ogre Berserker)              Turns: 2457, Time: 00:02:14

Health: -1/54      AC:  4    Str: 23    XL:     5   Next: 64%
Magic:  5/5        EV: 10    Int:  8    God:    Trog [**....]
Gold:   169        SH:  0    Dex:  8    Spells: 4/4 levels left

rFire   + . .        a - +0 hand axe
rCold   + . .        (no shield)
rNeg    . . .        b - +0 animal skin
rPois   +            (helmet restricted)
rElec   +            i - +0 cloak
rCorr   +            (gloves unavailable)
SInv    .            (boots unavailable)
Will    .....        (no amulet)
Stlth   +            (no ring)
HPRegen 0.29/turn    (no ring)
MPRegen 0.09/turn

%: no passive effects
@: lethally poisoned (-1 -> -10), resistant, on berserk cooldown, slowed, very
slow
A: large, unfitting armour, tough skin 1
a: Renounce Religion, Berserk, Trog's Hand


You were on level 4 of the Dungeon.
You worshipped Trog.
Trog was pleased with you.
You visited 1 branch of the dungeon, and saw 4 of its levels.

You collected 169 gold pieces.

Inventory:

Hand Weapons
 a - a +0 hand axe (weapon)
Missiles
 d - 3 poisoned darts (quivered)
 p - 2 throwing nets
Armour
 b - a +0 animal skin (worn)
 i - a +0 cloak (worn)
Jewellery
 q - a +6 ring of strength
Scrolls
 f - 2 scrolls of fog {unknown}
 j - a scroll of vulnerability {unknown}
 l - 2 scrolls of identify {unknown}
 o - a scroll of immolation {unknown}
 t - 2 scrolls of noise {unknown}
 u - a scroll of magic mapping {unknown}
 w - a scroll of brand weapon {unknown}
 x - a scroll of fear {unknown}
Potions
 c - a potion of degeneration {unknown}
 e - a potion of magic {unknown}
 g - 2 potions of resistance
 h - 2 potions of heal wounds {unknown}
 k - a potion of cancellation {unknown}
 m - a potion of berserk rage {unknown}
 n - 3 potions of curing {unknown}
 r - 2 potions of mutation {unknown}
 s - a potion of lignification {unknown}
 v - a potion of ambrosia {unknown}
 z - 2 potions of haste {unknown}


   Skills:
 - Level 4.0 Fighting
 + Level 6.1 Axes
 - Level 2.6 Dodging


You had 4 spell levels left.
You didn't know any spells.
Your spell library was empty.

Dungeon Overview and Level Annotations

Branches:
Dungeon (4/15)
 Temple: D:4-7

Altars:
Trog
Zin

Shops:
D:1 *


Innate Abilities, Weirdness & Mutations

You are too large for most types of armour.
You have tough skin. (AC +1)


Message History

You feel yourself moving faster!
You feel mighty!
* * * LOW HITPOINT WARNING * * *
You feel extremely sick. The scorpion stings you.
* * * LOW HITPOINT WARNING * * *
You barely miss the scorpion.
The scorpion is severely wounded.
* * * LOW HITPOINT WARNING * * *
You feel very sick. The scorpion barely misses you.
Unknown command.
You completely miss the scorpion.
The scorpion is severely wounded.
* * * LOW HITPOINT WARNING * * *
You feel very sick. The scorpion barely misses you.
Unknown command.
You hit the scorpion.
You kill the scorpion!
Trog accepts your kill.
* * * LOW HITPOINT WARNING * * *
You feel very sick.
Your Axes skill increases to level 6!
Unknown command.
There is a lethal amount of poison in your body!
* * * LOW HITPOINT WARNING * * *
You feel very sick.
There is a lethal amount of poison in your body!
You are too berserk!
You feel a strong urge to attack something.
* * * LOW HITPOINT WARNING * * *
You feel sick.
You are no longer berserk.
You are exhausted.
You feel yourself slow down.
* * * LOW HITPOINT WARNING * * *
You feel sick.
It was a potion of resistance.
You feel protected.
You die...

#.#.# #.#.#
#.#.# #.#.#
#.#<## #....#
#..#.#
###########....#
#......@....#.##
#......$.#####.#
#..######.# #.#
#. #.# #.# #.#
#.# #.# #.# #.#
#.# #.# #.#


There were no monsters in sight!

Vanquished Creatures
  A scorpion (D:4)
  4 gnolls
  4 adders
  A dart slug (D:3)
  An orc (D:3)
  3 endoplasms (D:1)
  2 giant cockroaches
  7 goblins
  5 hobgoblins
  2 jackals (D:3)
  A quokka (D:3)
  3 ball pythons
  7 bats
  2 frilled lizards
  6 kobolds
  4 rats (D:1)
53 creatures vanquished.

Notes
Turn   | Place    | Note
-------+----------+-------------------------------------------
     0 | D:1      | sasquatch the Ogre Berserker began the quest for the Orb.
     0 | D:1      | Reached XP level 1. HP: 24/24 MP: 1/1
    85 | D:1      | Reached XP level 2. HP: 27/32 MP: 2/2
   275 | D:1      | Found Loyffuituni's Assorted Antiques.
   518 | D:1      | Reached skill level 4 in Axes
   708 | D:1      | Reached XP level 3. HP: 32/39 MP: 3/3
   888 | D:2      | Reached ** piety under Trog
  1041 | D:2      | Reached XP level 4. HP: 48/48 MP: 4/4
  1046 | D:2      | Reached skill level 5 in Axes
  1203 | D:2      | Found a faded altar of an unknown god.
  1637 | D:3      | Identified the +7 whip of the Bear {freeze, +Blink rC+}
  1751 | D:3      | Found a glowing silver altar of Zin.
  1794 | D:3      | Reached XP level 5. HP: 53/54 MP: 5/5
  2084 | D:3      | Found a bloodstained altar of Trog.
  2454 | D:4      | Reached skill level 6 in Axes
  2456 | D:4      | HP: 1/54 [poisoned by a scorpion]
  2457 | D:4      | Succumbed to a scorpion's poison

Illustrated notes

Levels and vault maps discovered:
D:1:      minmay_arrival_stone_box, layout_loops_ring, serial_shops,
          nicolae_shop_overgrown_old_shop, hex_large
D:2:      layout_basic, shapermc_ecumenical_altar_rom_forum
D:3:      layout_basic, lemuel_round_altar,
          mainiacjoe_overflow_concentric_impassable, minmay_bisected
D:4:      layout_loops_ring, nzn_wu_jian_council_hall, minmay_temple_entry_grid,
          serial_shops, nicolae_take_the_stairs, shop, kennysheep_dice,
          uniq_blork_the_orc

Skill      XL: |  1  2  3  4  5 |
---------------+----------------+-----
Axes           | 4 5 6 |  6.1
Fighting       | |  4.0
Dodging        | |  2.6

Action                     |  1- 3 |  4- 6 || total
---------------------------+-------+-------++-------
  Melee: Hand axe          |    97 |    77 ||   174
 Invoke: Berserk           |     1 |     1 ||     2
    Use: Potion            |       |     1 ||     1
 Armour: Animal skin       |    35 |    22 ||    57
  Dodge: Dodged            |    55 |    34 ||    89
